 Dungeon Crawl Stone Soup version 0.30-a0-1035-g38d5fb2972 (webtiles) character file.

Game seed: 18341877497001766545

2424 Lobster4 the Digger (level 9, -2/83 HPs)
             Began as a Troll Earth Elementalist on Apr 8, 2023.
             Was an Initiate of Vehumet.
             Slain by an unseen horror (6 damage)
             ... on level 6 of the Dungeon.
             The game lasted 00:15:48 (5672 turns).

Lobster4 the Digger (Troll Earth Elementalist)      Turns: 5672, Time: 00:15:48

Health: -2/83      AC:  5    Str: 18    XL:     9   Next: 24%
Magic:  12/12      EV: 10    Int: 15    God:    Vehumet [......]
Gold:   389        SH:  0    Dex: 10    Spells: 7/13 levels left

rFire   . . .      SeeInvis .      - Unarmed
rCold   . . .      Faith    .    (no shield)
rNeg    . . .      Spirit   .    a - +0 robe
rPois   .          Reflect  .    (helmet restricted)
rElec   .          Rampage  .    s - +0 cloak
rCorr   .                        (gloves unavailable)
Will    .....                    (boots unavailable)
Stlth   +                        n - amulet of magic regeneration
HPRegen 1.13/turn                (no ring)
MPRegen 0.53/turn                (no ring)

@: no status effects
A: large, unfitting armour, claws 3, regeneration 1, shaggy fur 1, tough skin 1
a: Renounce Religion


You were on level 6 of the Dungeon.
You worshipped Vehumet.
Vehumet was noncommittal.
You visited 2 branches of the dungeon, and saw 7 of its levels.

You collected 389 gold pieces.

Inventory:

Hand Weapons
 h - a +0 sling
 m - a +0 great mace
 o - a +0 shortbow
 x - a +2 whip of flaming
Missiles
 i - 10 poisoned darts (quivered)
 j - 6 silver boomerangs
 u - 3 javelins
 v - a boomerang
 w - a throwing net
Armour
 a - a +0 robe (worn)
 l - a +0 kite shield
 s - a +0 cloak (worn)
Jewellery
 n - an amulet of magic regeneration (around neck)
Wands
 g - a wand of flame (24)
 q - a wand of light (5)
Scrolls
 c - 5 scrolls of teleportation
 f - a scroll of fog
 k - a scroll of poison
 p - 2 scrolls of blinking
 y - a scroll of vulnerability {unknown}
 z - a scroll of identify
Potions
 b - 2 potions of magic
 d - 2 potions of mutation
 e - 3 potions of curing {unknown}
 r - 2 potions of berserk rage
 t - a potion of flight


   Skills:
 + Level 3.2 Fighting
 + Level 3.2 Maces & Flails
 - Level 3.0 Throwing
 - Level 3.0 Armour
 - Level 3.0 Dodging
 - Level 1.0 Stealth
 + Level 2.2 Shields
 + Level 3.8 Unarmed Combat
 + Level 2.8 Spellcasting
 + Level 2.1 Conjurations
 - Level 1.0 Transmutations
 + Level 4.6 Earth Magic
 + Level 2.5 Evocations


You had 7 spell levels left.
You knew the following spells:

 Your Spells              Type           Power      Damage    Failure   Level
a - Sandblast             Erth           30%        2d9       3%          1
b - Stone Arrow           Conj/Erth      24%        3d8       16%         3
c - Passwall              Tmut/Erth      8%         N/A       10%         2

Your spell library contained the following spells:

 Spells                   Type           Power      Damage    Failure   Level
 Petrify                  Tmut/Erth      10%        N/A       54%         4


Dungeon Overview and Level Annotations

Branches:
Dungeon (6/15)             Temple (1/1) D:6

Altars:
Elyvilon
Fedhas
Gozag
Hepliaklqana
Kikubaaqudgha
Nemelex Xobeh
Okawaru
Qazlal
Ru
Sif Muna
Uskayaw
Vehumet
Wu Jian
Xom
Yredelemnul
Zin
The Shining One

Annotations:
D:4 3 runed translucent doors, Dowan; puppykicker's ghost, amateur DsAr


Innate Abilities, Weirdness & Mutations

You are too large for most types of armour.
You have claws for hands.
Your natural rate of healing is unusually fast.
You are covered in fur. (AC +1)
You have tough skin. (AC +1)


Message History

Deactivating autopickup; reactivate with Ctrl-A.
You closely miss something. Something hits you!
You barely miss something. You claw something.
Something hits you but does no damage. Something hits you. x2
You scratch something. Something hits you. x2
Something hits you but does no damage.
You miss something. Something hits you. Something hits you. x2
Something hits you. Something hits you. Something hits you. Something hits you.
Something hits you but does no damage.
Things that are here:
a +0 flail; an orc corpse Something hits you but does no damage.
You claw something! Something hits you.
Aiming: Throw Flame
Press: ? - help, Shift-Dir - straight line The puff of flame hits something!
Something completely misses you.
You closely miss something. Something hits you.
You barely miss something. Something hits you! Something hits you.
Something hits you. x3
Something hits you but does no damage. Something hits you. x2
* * * LOW HITPOINT WARNING * * *
Something hits you but does no damage. Something completely misses you.
Something hits you.
* * * LOW HITPOINT WARNING * * *
Something hits you.
* * * LOW HITPOINT WARNING * * *
Something hits you.
* * * LOW HITPOINT WARNING * * *
Really read the scroll of poison?
You can't even see any enemies this would affect.
The air fills with toxic fumes!
As you read the scroll of poison, it crumbles to dust.
Something hits you!
* * * LOW HITPOINT WARNING * * *
You barely miss something. Something hits you.
You die...

#.# #..## #§## ##...# ## #§§#
##..... .## ##§# ##...8.8 ..##
#§## #####.....⌠. ...## #§§#
###§§......8.> ....##
##§####§§§§....<..⌠. .....##
##§##§§§§§§..[...8.8 ......###
###§.@§§§§§§§.........
........####§§§##§§§§§§§.........
.......).§§§§####§§§§§§§......###
.....###.§§§## ##§§§§§§...####
.....# ##§[## #§§§###.### .....#
##.## ##### ##.## ....## #..#
#..## ### .... ##.## ##..###..
.... #..# ##......


There were no monsters in sight!

Vanquished Creatures
  Pikel (D:4)
  Grinder (D:4)
  A hornet (D:5)
  Sigmund (D:5)
  Duvessa (D:4)
  An orc warrior (D:6)
  A sky beast (D:6)
  2 centaurs (D:6)
  A lemure (D:4)
  5 scorpions
  3 wights (D:6)
  3 hounds
  Crazy Yiuf (D:4)
  4 orc priests
  An orc wizard (D:5)
  Ijyb (D:4)
  4 iguanas
  A gnoll (D:1)
  6 adders
  A white imp (D:6)
  An ufetubus (D:5)
  A worm (D:2)
  2 dart slugs
  10 orcs
  4 bats
  7 endoplasms
  3 giant cockroaches
  15 goblins
  8 hobgoblins
  3 jackals (D:3)
  4 quokkas
  5 ball pythons
  3 frilled lizards
  5 kobolds
  3 rats (D:2)
114 creatures vanquished.

Vanquished Creatures (others)
  An angel (D:3)
  A rat (D:3)
2 creatures vanquished.

Grand Total: 116 creatures vanquished

Notes
Turn   | Place    | Note
-------+----------+-------------------------------------------
     0 | D:1      | Lobster4 the Troll Earth Elementalist began the quest for
                  | the Orb.
     0 | D:1      | Reached XP level 1. HP: 16/16 MP: 1/1
    70 | D:1      | Reached XP level 2. HP: 20/24 MP: 0/2
    73 | D:1      | Learned a level 2 spell: Passwall
  1030 | D:2      | Reached XP level 3. HP: 31/32 MP: 4/4
  1033 | D:2      | Reached skill level 1 in Transmutations
  1098 | D:2      | Reached skill level 1 in Unarmed Combat
  1348 | D:2      | Reached skill level 3 in Earth Magic
  1586 | D:2      | Reached skill level 1 in Fighting
  1586 | D:2      | Reached skill level 1 in Armour
  1586 | D:2      | Reached XP level 4. HP: 34/41 MP: 1/5
  1963 | D:3      | Noticed an angel
  1967 | D:3      | Found a shimmering altar of Xom.
  1972 | D:3      | Found a glowing silver altar of Zin.
  2031 | D:3      | Killed an angel
  2157 | D:3      | Found a faded altar of an unknown god.
  2813 | D:4      | Found a runed translucent gate.
  2813 | D:4      | Found a runed translucent gate.
  2814 | D:4      | Found a runed translucent gate.
  2838 | D:4      | Noticed an ice beast
  2841 | D:4      | Noticed an ice beast
  2841 | D:4      | Noticed puppykicker's ghost (amateur DsAr)
  2924 | D:4      | Noticed Dowan
  2957 | D:4      | Noticed Pikel
  2957 | D:4      | Noticed a lemure
  2957 | D:4      | Noticed a lemure
  2957 | D:4      | Noticed a lemure
  2957 | D:4      | Noticed a lemure
  2960 | D:4      | Noticed Ijyb
  2978 | D:4      | Noticed Duvessa
  2993 | D:4      | Killed Duvessa
  2994 | D:4      | Reached skill level 1 in Maces & Flails
  2994 | D:4      | Reached XP level 5. HP: 10/48 MP: 2/6
  3165 | D:4      | Noticed Grinder
  3179 | D:4      | Killed Grinder
  3180 | D:4      | Reached skill level 1 in Throwing
  3180 | D:4      | Reached skill level 1 in Evocations
  3180 | D:4      | Reached XP level 6. HP: 57/57 MP: 1/8
  3304 | D:4      | Learned a level 3 spell: Stone Arrow
  3326 | D:5      | Entered Level 5 of the Dungeon
  3334 | D:5      | Reached XP level 7. HP: 58/63 MP: 5/9
  3393 | D:5      | Noticed Sigmund
  3411 | D:5      | Killed Sigmund
  3836 | D:5      | Reached skill level 1 in Conjurations
  3901 | D:5      | Noticed a hornet
  3909 | D:5      | Killed a hornet
  3910 | D:5      | Reached skill level 4 in Earth Magic
  3910 | D:5      | Reached XP level 8. HP: 63/74 MP: 6/10
  4288 | D:4      | Killed Pikel
  4289 | D:4      | Reached skill level 1 in Shields
  4387 | D:4      | Found a runed translucent door.
  4388 | D:4      | Noticed Crazy Yiuf
  4512 | D:4      | Killed Crazy Yiuf
  4661 | D:4      | Killed Ijyb
  5026 | D:6      | Reached XP level 9. HP: 71/80 MP: 12/12
  5327 | D:6      | Found a staircase to the Ecumenical Temple.
  5341 | Temple   | Entered the Ecumenical Temple
  5489 | Temple   | Became a worshipper of Vehumet
  5671 | D:6      | HP: 3/83 [something (7)]
  5672 | D:6      | Slain by an unseen horror

Illustrated notes

Levels and vault maps discovered:
D:1:      minmay_arrival_stair_chambers, layout_basic
D:2:      kennysheep_the_goblin_king, layout_basic, st_stairs_8
D:3:      layout_loops_ring, grunt_temple_overflow_order_and_chaos_1,
          ebering_ecumenical_altar_abandoned
D:4:      layout_basic, gammafunk_ghost_icy, uniq_crazy_yiuf_cottage,
          uniq_grinder, uniq_pikel, uniq_ijyb, uniq_duvessa
D:5:      layout_rooms, uniq_sigmund
D:6:      layout_cave_pods, minmay_temple_entry_statues_fountains
Temple:   regret_index_temple_waves

Skill      XL: |  1  2  3  4  5  6  7  8  9 |
---------------+----------------------------+-----
Transmutations | 1 |  1.0
Unarmed Combat | 1 2 3 |  3.8
Dodging        | 2 3 |  3.0
Earth Magic    | 3 4 |  4.6
Fighting       | 1 2 3 |  3.2
Armour         | 1 2 3 |  3.0
Maces & Flails | 1 2 3 |  3.2
Throwing       | 1 2 3 |  3.0
Spellcasting   | 2 |  2.8
Evocations     | 1 2 |  2.5
Conjurations   | 1 2 |  2.1
Shields        | 1 2 |  2.2
Stealth        | |  1.0

Action                     |  1- 3 |  4- 6 |  7- 9 || total
---------------------------+-------+-------+-------++-------
  Melee: Unarmed           |    77 |    64 |    94 ||   235
         Punch             |     1 |     2 |     2 ||     5
  Throw: Dart              |       |    11 |    31 ||    42
         Javelin           |       |       |     3 ||     3
   Cast: Sandblast         |    12 |    25 |    78 ||   115
         Stone Arrow       |       |       |     5 ||     5
  Evoke: Wand              |       |     7 |     9 ||    16
    Use: Scroll            |       |     8 |     6 ||    14
   Stab: Sleeping          |     1 |     2 |       ||     3
         Invisible         |       |       |     2 ||     2
 Armour: Robe              |    23 |    20 |    61 ||   104
  Dodge: Dodged            |    32 |    47 |    88 ||   167

Table legend: (Time is in decaauts)
 A = Elapsed time spent in this place.
 B = Non-inter-level travel time spent in this place.
 C = Inter-level travel time spent in this place.
 D = Time resting spent in this place.
 E = Time spent auto-exploring this place.
 F = Levels seen in this place.
 G = Mean time per level.
                   A        B        C        D        E       F      G
               +--------+--------+--------+--------+--------+-----+--------+
         Total |   5720 |   5407 |    313 |    345 |   3830 |   7 |  817.1 |
       Dungeon |   5538 |   5257 |    281 |    345 |   3745 |   6 |  923.0 |
        Temple |    181 |    149 |     32 |      0 |     85 |   1 |  181.0 |
               +--------+--------+--------+--------+--------+-----+--------+

Top non-repeatable levels by time:
     D:4: 1160 daAuts
     D:1: 997 daAuts
     D:2: 969 daAuts
     D:5: 958 daAuts
     D:3: 756 daAuts
     D:6: 697 daAuts
  Temple: 181 daAuts
